 Dungeon Crawl Stone Soup version 0.23.1-37-gaa34b87b72 (webtiles) character file.

Game seed: 1483940870939618388

161452 Peloso the Peltast (level 17, -2/234 HPs)
             Began as a Minotaur Fighter on Mar 28, 2019.
             Was the Champion of Okawaru.
             Slain by a faun
             ... wielding a +0 spear
              (15 damage)
             ... on level 1 of the Shoals.
             The game lasted 01:39:17 (36262 turns).

Peloso the Peltast (Minotaur Fighter)              Turns: 36262, Time: 01:39:18

Health: -2/234     AC: 28    Str: 35    XL:     17   Next: 20%
Magic:  18/18      EV: 11    Int:  5    God:    Okawaru [******]
Gold:   1953       SH: 38    Dex: 13    Spells: 16/16 levels left

rFire    + . .     SeeInvis .   a - +3 double sword (elec)
rCold    + + .     Gourm    +   K - +13 large shield "Toxyupoc" {Stlth+}
rNeg     . . .     Faith    .   x - +5 plate armour {rC+}
rPois    +         Spirit   .   J - +1 hat
rElec    .         Reflect  .   F - scarf {rC+ rF+}
rCorr    .         Harm     .   r - +0 pair of gloves
MR       +....                  V - +2 pair of boots
Stlth    ..........             S - amulet of the gourmand
HPRegen  0.49/turn              H - ring of poison resistance
MPRegen  0.16/turn              B - +5 ring of strength

@: berserking, very quick
A: retaliatory headbutt, horns 2
a: Heroism, Finesse, Renounce Religion


You were on level 1 of the Shoals.
You worshipped Okawaru.
Okawaru was exalted by your worship.
You were not hungry.

You visited 5 branches of the dungeon, and saw 27 of its levels.
You also visited: Trove.

You collected 2246 gold pieces.
You spent 293 gold pieces at shops.

Inventory:

Hand Weapons
 a - a +3 double sword of electrocution (weapon)
 b - the +10 zealot's sword {holy, *Rage rN+ EV+3}
   (You found it in a treasure trove)

   It has been blessed by the Shining One to cause great damage to the undead
   and demons.
   It affects your evasion (+3).
   It protects you from negative energy.
   It may make you go berserk in combat.
 z - a +3 scimitar of flaming
Armour
 i - a +0 buckler of reflection
 r - a +0 pair of gloves (worn)
 x - a +5 plate armour of cold resistance (worn)
 F - a scarf of resistance (worn)
 J - a +1 hat (worn)
 K - the +13 large shield "Toxyupoc" (worn) {Stlth+}
   (You acquired it on level 3 of the Spider Nest)

   It makes you more stealthy.
 V - a +2 pair of boots (worn)
Jewellery
 g - an uncursed ring of resist corrosion
 p - an uncursed ring of see invisible
 s - an uncursed ring of protection from magic
 B - a +5 ring of strength (right hand)
 H - a ring of poison resistance (left hand)
 R - a +4 ring of slaying
 S - an amulet of the gourmand (around neck)
Scrolls
 k - 2 scrolls of noise
 l - 4 scrolls of teleportation
 m - 2 scrolls of silence
 n - 7 scrolls of magic mapping {unknown}
 o - 16 scrolls of remove curse
 y - 6 scrolls of amnesia
 D - 2 scrolls of fog
 X - 2 scrolls of summoning
Potions
 d - 2 potions of ambrosia {unknown}
 h - 5 potions of flight
 q - 2 potions of resistance
 u - 3 potions of mutation
 v - 3 potions of haste
 w - a potion of curing
 C - 2 potions of degeneration {unknown}
 E - 3 potions of agility
 G - 3 potions of lignification {unknown}
 U - 4 potions of heal wounds {unknown}
Comestibles
 f - 48 rations


   Skills:
 + Level 15.6 Fighting
 + Level 17.5 Long Blades
   Level 9.9 Polearms
 + Level 15.7 Armour
 + Level 7.4 Dodging
 + Level 3.5 Stealth
 + Level 18.9 Shields
 + Level 3.5 Invocations


You had 16 spell levels left.
You didn't know any spells.
Your spell library contained the following spells:

 Spells                   Type           Power        Failure   Level  Hunger
 Animate Skeleton         Necr           N/A          99%         1    ##.....
 Apportation              Tloc           #.....       99%         1    ##.....
 Confusing Touch          Hex            #.....       99%         1    ##.....
 Sting                    Conj/Pois      #...         99%         1    ##.....
 Summon Butterflies       Summ           #.......     99%         1    ##.....
 Summon Small Mammal      Summ           #...         99%         1    ##.....
 Slow                     Hex            #.......     100%        2    ###....
 Call Canine Familiar     Summ           #.......     100%        3    ####...
 Confuse                  Hex            #.......     100%        3    ####...
 Gell's Gravitas          Tloc           #.........   100%        3    ####...
 Recall                   Summ/Tloc      N/A          100%        3    ####...
 Animate Dead             Necr           N/A          100%        4    #####..
 Petrify                  Tmut/Erth      #.......     100%        4    #####..
 Summon Ice Beast         Ice/Summ       #.......     100%        4    #####..
 Aura of Abjuration       Summ           #.........   100%        5    ######.
 Bolt of Magma            Conj/Fire/Erth #.........   100%        5    ######.
 Borgnjor's Vile Clutch   Necr/Erth      #.........   100%        5    ######.
 Iskenderun's Battlesphe  Conj/Chrm      #.......     100%        5    ######.
 Metabolic Englaciation   Hex/Ice        #.........   100%        5    ######.
 Summon Mana Viper        Hex/Summ       #.......     100%        5    ######.
 Venom Bolt               Conj/Pois      #.........   100%        5    ######.
 Yara's Violent Unravell  Hex/Tmut       #.........   100%        5    ######.
 Death Channel            Necr           #.........   100%        6    #######
 Freezing Cloud           Conj/Ice/Air   #.........   100%        6    #######
 Iron Shot                Conj/Erth      #.........   100%        6    #######
 Shadow Creatures         Summ           N/A          100%        6    #######
 Simulacrum               Ice/Necr       #.........   100%        6    #######
 Orb of Destruction       Conj           #.........   100%        7    #######
 Spellforged Servitor     Conj/Summ      #.........   100%        7    #######
 Summon Hydra             Summ           #.........   100%        7    #######


Dungeon Overview and Level Annotations

Branches:
Dungeon (15/15)            Temple (0/1) D:4            Lair (6/6) D:11
 Shoals (1/4) Lair:2       Spider (3/4) Lair:4        Slime (0/5) Lair:5
    Orc (2/2) D:9             Elf (0/3) Orc:2        Vaults (0/5) D:14
 Depths (0/5) D:15

Altars:
Ashenzari
Dithmenos
Fedhas
Gozag
Okawaru
Qazlal
Sif Muna
Trog
Vehumet
Yredelemnul
Zin
The Shining One
Jiyva

Shops:
D:6 :   D:12 %   Orc:2 :(*[*

Annotations:
D:12 1 runed translucent door


Innate Abilities, Weirdness & Mutations

You reflexively headbutt those who attack you in melee.
You have a pair of horns on your head.


Message History

You block the harpy's attack. x2
Unknown command.
You slice the water elemental!!
You destroy the water elemental!
Okawaru accepts your kill.
You gasp with relief as air once again reaches your lungs.
You block the water elemental's attack. You block the faun's attack.
Unknown command.
You slash the water elemental!
The water elemental is moderately damaged.
You are no longer glowing.
You block the harpy's attack. x2
The merfolk aquamancer casts a spell.
The merfolk aquamancer blinks!
Unknown command.
You barely miss the water elemental.
The water elemental is moderately damaged.
You block the harpy's attack. x2; The water elemental misses you.
The faun hits you with a +0 spear!
You die...

≈≈≈≈≈≈≈≈≈≈≈≈≈≈≈
≈≈≈≈≈≈≈≈≈≈≈≈≈≈≈≈≈
≈≈≈≈≈≈≈≈≈≈≈≈≈≈≈≈≈
≈≈≈≈..≈≈≈≈≈≈≈≈PP≈
≈≈≈≈...≈≈≈≈≈PPPPP
≈≈≈≈≈≈≈≈≈≈≈≈P≈P≈
≈≈≈≈≈≈≈≈†≈....PP
≈≈≈.≈.cH<..#
≈≈≈≈..)@E(.#
≈≈≈≈≈##).....#
.≈≈c ##.E≈..§.P≈
#( ≈.≈≈≈##...
≈≈≈≈≈.# .≈
..≈≈≈≈≈.. P
....≈≈≈≈..≈
≈≈.≈≈..≈....


You could see a faun, 2 water elementals and a harpy.

Vanquished Creatures
  Jorgrun (Orc:2)
  Agnes (D:14)
  Gastronok (D:9)
  Louise (Spider:2)
  An orc warlord (Orc:2)
  An emperor scorpion (Spider:1)
  A ghost moth (Spider:2)
  The ghost of VeryBadPlayer the Warrior, a journeyman MiFi of the Shining One (Lair:4)
  4 entropy weavers (Spider:3)
  A dire elephant (D:15)
  A merfolk javelineer (Shoals:1)
  The ghost of ImError the Cleaver, a journeyman DsBe of Trog (Lair:2)
  A great orb of eyes (D:15)
  Josephine (D:14)
  Fannar (Orc:1)
  5 vault guards (D:14)
  8 hydras
  A rakshasa (D:14)
  4 catoblepae
  Erolcha (D:9)
  2 centaur warriors
  10 two-headed ogres
  6 death yaks
  A queen ant (Spider:3)
  An ogre mage (D:15)
  Urug (Lair:2)
  A tengu warrior (D:15)
  3 orc high priests (Orc:2)
  Nergalle (D:11)
  A deep elf knight (D:8)
  The ghost of SharpKris the Magician, a novice GnFE of Cheibriados (D:8)
  3 wizards (D:14)
  An unseen horror (D:15)
  A deep elf archer (D:14)
  An orange crystal statue (Lair:2)
  2 deep elf magi
  2 harpies (Shoals:1)
  6 orc knights (Orc:2)
  A wolf spider zombie (D:15)
  21 wolf spiders
  5 cyclopes
  6 ugly things
  The ghost of luab the Insei, a novice GnTm (D:7)
  7 orc sorcerers
  4 oklob plants
  16 orb spiders
  7 manticores
  2 fauns (Shoals:1)
  6 slime creatures
  A merfolk siren (Lair:2)
  3 moths of wrath (Spider:3)
  A black mamba (Lair:4)
  An ice statue (D:13)
  Joseph (Lair:1)
  8 spiny frogs
  2 rime drakes (Lair:6)
  A torpor snail (Lair:5)
  An efreet (D:14)
  3 kobold demonologists
  9 demonic crawlers
  7 komodo dragons
  4 meliai
  A merfolk (Lair:2)
  30 jumping spiders
  6 trolls
  10 hornets
  Grinder (D:5)
  A queen bee (Spider:1)
  25 blink frogs
  Prince Ribbit (D:6)
  13 hippogriffs
  A water elemental (Shoals:1)
  7 wraiths
  51 redbacks
  32 tarantellas
  A yak (shapeshifter) (D:15)
  3 humans
  A vampire (D:11)
  4 wyverns
  2 steam dragons (D:7)
  Grum (D:8)
  64 yaks
  3 basilisks (Lair:4)
  3 hungry ghosts
  4 hogs (D:8)
  A warg (Orc:2)
  10 water moccasins
  24 soldier ants (Spider:3)
  3 acid dragons
  10 porcupines
  6 sky beasts
  6 ice beasts
  29 orc warriors
  9 ogres
  3 phantoms
  A necrophage (D:10)
  An ogre (shapeshifter) (D:15)
  5 wolves
  3 centaurs
  16 crocodiles
  2 big kobolds (D:14)
  24 bullfrogs
  A wyvern zombie (D:11)
  A wyvern skeleton (D:14)
  A water moccasin zombie (D:11)
  4 scorpions
  30 killer bees
  6 howler monkeys
  3 electric eels (Lair:2)
  12 crimson imps
  3 lava snakes (Lair:2)
  5 bullfrog zombies
  2 quasits (D:7)
  11 hounds
  19 orc priests
  Crazy Yiuf (D:3)
  A bullfrog skeleton (D:4)
  3 centaur skeletons
  9 jellies
  30 orc wizards
  6 iguanas
  27 worker ants
  6 ogre zombies (D:9)
  2 hound skeletons
  13 adders
  3 shadow imps
  5 oozes
  4 adder skeletons
  4 worms
  A dart slug (D:1)
  2 leopard geckos
  84 orcs
  5 ball pythons
  4 giant cockroaches
  9 goblins
  10 hobgoblins
  17 jackals
  7 quokkas
  A ball python skeleton (D:4)
  6 bats
  3 frilled lizards
  A goblin skeleton (D:9)
  2 goblin zombies (D:9)
  A hobgoblin skeleton (D:9)
  3 hobgoblin zombies (D:9)
  4 kobolds
  An orc skeleton (D:9)
  11 orc zombies (D:9)
  2 quokka skeletons
  6 rats
  A fungus (Lair:2)
  8 plants
1018 creatures vanquished.

Vanquished Creatures (others)
  An emperor scorpion (Spider:2)
  A torpor snail (Spider:2)
  2 orc priests (Orc:2)
  9 fungi
  20 plants
33 creatures vanquished.

Grand Total: 1051 creatures vanquished

Notes
Turn   | Place    | Note
-------+----------+-------------------------------------------
     0 | D:1      | Peloso the Minotaur Fighter began the quest for the Orb.
     0 | D:1      | Reached XP level 1. HP: 19/19 MP: 0/0
    45 | D:1      | Reached XP level 2. HP: 27/27 MP: 1/1
    73 | D:1      | Reached skill level 4 in Shields
   215 | D:1      | Reached XP level 3. HP: 24/33 MP: 2/2
   664 | D:2      | Found a shattered altar of Ashenzari.
   926 | D:2      | Reached XP level 4. HP: 41/41 MP: 3/3
  1005 | D:2      | Found an iron altar of Okawaru.
  1269 | D:2      | Became a worshipper of Warmaster Okawaru
  1627 | D:3      | Found a faded altar of an unknown god.
  1677 | D:3      | Found a runed translucent door.
  1678 | D:3      | Noticed Crazy Yiuf
  1778 | D:3      | You fall through a shaft for 2 floors!
  1778 | D:5      | Entered Level 5 of the Dungeon
  1791 | D:5      | Noticed a centaur
  1803 | D:5      | Killed a centaur
  1803 | D:5      | Reached skill level 5 in Shields
  1803 | D:5      | Reached XP level 5. HP: 34/47 MP: 4/4
  1837 | D:5      | Noticed an ice beast
  1849 | D:5      | Killed an ice beast
  1849 | D:5      | Reached skill level 5 in Armour
  1849 | D:5      | Reached XP level 6. HP: 31/53 MP: 5/5
  1989 | D:5      | Found a blossoming altar of Fedhas.
  2210 | D:5      | Reached * piety under Okawaru
  2210 | D:5      | Reached skill level 5 in Long Blades
  2210 | D:5      | Reached skill level 1 in Dodging
  2235 | D:5      | Noticed a sky beast
  2245 | D:5      | Killed a sky beast
  2386 | D:5      | Noticed Grinder
  2396 | D:5      | Paralysed by Grinder for 5 turns
  2413 | D:5      | Killed Grinder
  2413 | D:5      | Reached skill level 5 in Fighting
  2413 | D:5      | Reached XP level 7. HP: 12/61 MP: 6/6
  3031 | D:4      | HP: 3/61 [orc warrior/+0 battleaxe of chopping (1)]
  3032 | D:4      | Reached skill level 6 in Shields
  3034 | D:4      | Reached ** piety under Okawaru
  3326 | D:4      | Reached XP level 8. HP: 35/69 MP: 7/7
  3743 | D:4      | Found a staircase to the Ecumenical Temple.
  4416 | D:3      | Found a basalt altar of Yredelemnul.
  4502 | D:3      | Found a shadowy altar of Dithmenos.
  4505 | D:3      | Found a deep blue altar of Sif Muna.
  4513 | D:3      | Found a stormy altar of Qazlal.
  4570 | D:3      | Killed Crazy Yiuf
  4635 | D:2      | Found a glowing silver altar of Zin.
  4725 | D:6      | Reached skill level 7 in Shields
  4752 | D:6      | Reached skill level 1 in Stealth
  4758 | D:6      | Reached *** piety under Okawaru
  4870 | D:6      | Reached XP level 9. HP: 73/75 MP: 8/8
  4957 | D:6      | Found Feuskiu's Book Shop.
  5081 | D:6      | Noticed Prince Ribbit
  5092 | D:6      | Killed Prince Ribbit
  5492 | D:7      | Found a transporter.
  5519 | D:7      | Found a transporter.
  5520 | D:7      | Noticed luab's ghost (novice GnTm)
  5574 | D:7      | Reached skill level 10 in Long Blades
  5697 | D:7      | Found a bloodstained altar of Trog.
  5710 | D:7      | Reached skill level 8 in Shields
  6088 | D:7      | Identified a scroll of acquirement
  6119 | D:8      | Noticed a two-headed ogre
  6134 | D:8      | Killed a two-headed ogre
  6134 | D:8      | Reached **** piety under Okawaru
  6170 | D:8      | Reached XP level 10. HP: 75/86 MP: 9/9
  6256 | D:8      | Noticed a two-headed ogre
  6268 | D:8      | Killed a two-headed ogre
  6268 | D:8      | Reached skill level 9 in Shields
  6466 | D:8      | Reached ***** piety under Okawaru
  6537 | D:8      | Paralysed by a hornet for 1 turns
  7130 | D:8      | Found a runed translucent gate.
  7130 | D:8      | Found a runed translucent gate.
  7130 | D:8      | Found a runed translucent gate.
  7134 | D:8      | Noticed Grum
  7148 | D:8      | Killed Grum
  7152 | D:8      | Found an opulent altar of Gozag.
  7154 | D:8      | Noticed a deep elf knight
  7155 | D:8      | Noticed SharpKris's ghost (novice GnFE)
  7648 | D:9      | Noticed a two-headed ogre
  7653 | D:9      | Killed a two-headed ogre
  7739 | D:9      | Received a gift from Okawaru
  7772 | D:9      | Found a staircase to the Orcish Mines.
  7846 | D:9      | Reached skill level 10 in Shields
  7939 | D:9      | Noticed Erolcha
  7945 | D:9      | Killed Erolcha
  7945 | D:9      | Reached skill level 5 in Dodging
  7945 | D:9      | Reached XP level 11. HP: 82/95 MP: 10/10
  7990 | D:9      | Noticed Gastronok
  8097 | D:9      | Killed Gastronok
  8097 | D:9      | Reached skill level 1 in Invocations
  8220 | D:9      | Found a blossoming altar of Fedhas.
  8794 | D:7      | Killed luab's ghost
  8886 | D:10     | Entered Level 10 of the Dungeon
  9340 | D:10     | Received a gift from Okawaru
  9760 | D:11     | Reached skill level 11 in Shields
  9806 | D:11     | Found a staircase to the Lair.
 10222 | D:11     | Reached ****** piety under Okawaru
 10277 | D:11     | Identified the Almanac of Harmful Beguiling
 10279 | D:11     | Noticed a two-headed ogre
 10288 | D:11     | Killed a two-headed ogre
 10360 | D:11     | Noticed a purple ugly thing
 10372 | D:11     | Killed a purple ugly thing
 10392 | D:11     | Noticed Nergalle
 10401 | D:11     | Killed Nergalle
 10401 | D:11     | Reached XP level 12. HP: 72/105 MP: 8/12
 10919 | Lair:1   | Entered Level 1 of the Lair of Beasts
 10968 | Lair:1   | Reached skill level 10 in Armour
 11150 | Lair:1   | Reached skill level 12 in Shields
 11192 | Lair:1   | Noticed Joseph
 11203 | Lair:1   | Killed Joseph
 11290 | Lair:1   | Noticed a seven-headed hydra
 11326 | Lair:1   | Killed an 11-headed hydra
 11326 | Lair:1   | Received a gift from Okawaru
 11952 | Lair:1   | Reached skill level 10 in Fighting
 13221 | Lair:2   | Noticed Urug
 13256 | Lair:2   | Killed Urug
 13651 | Lair:2   | Found a runed translucent door.
 13664 | Lair:2   | Reached skill level 13 in Shields
 13799 | Lair:2   | Found a staircase to the Shoals.
 13937 | Lair:2   | Noticed ImError's ghost (journeyman DsBe)
 14782 | Lair:3   | Noticed a seven-headed hydra
 14793 | Lair:3   | Killed a 12-headed hydra
 15135 | Lair:4   | Noticed a seven-headed hydra
 15164 | Lair:4   | Killed a 14-headed hydra
 15174 | Lair:4   | Received a gift from Okawaru
 15174 | Lair:4   | Reached XP level 13. HP: 62/115 MP: 6/13
 15638 | Lair:4   | Found a runed translucent door.
 15638 | Lair:4   | Noticed VeryBadPlayer's ghost (journeyman MiFi)
 16062 | Lair:4   | Found a hole to the Spider Nest.
 16952 | Lair:5   | Reached skill level 14 in Shields
 17132 | Lair:5   | Reached skill level 15 in Long Blades
 17476 | Lair:5   | Found a runed translucent door.
 17477 | Lair:5   | Found a viscous altar of Jiyva.
 17479 | Lair:5   | Found a staircase to the Slime Pits.
 18553 | D:12     | Found Muofiax's Food Boutique.
 18855 | D:12     | Found a runed translucent door.
 18855 | D:12     | Identified the cursed +3 battleaxe of Punishment {protect,
                  | Int+4}
 18855 | D:12     | Noticed a frost giant
 18856 | D:12     | Found the +0 Maxwell's etheric cage {RegenMP+ *Contam rElec
                  | MP+4}
 18857 | D:12     | Noticed a fire dragon
 18857 | D:12     | Identified the +11 spear of Taifisod {pain, Fragile +Blink
                  | rN+++ Int+5}
 18857 | D:12     | Noticed a tengu reaver
 19267 | D:13     | Found a portal to a secret trove of treasure.
 19310 | Trove    | Entered a treasure trove
 19314 | Trove    | Found the +10 zealot's sword {holy, *Rage rN+ EV+3}
 19357 | Trove    | Got a steaming trident
 19358 | Trove    | Identified the +10 trident of Lyur {venom, *Contam rElec
                  | Str+4} (You found it in a treasure trove)
 19793 | D:13     | Reached skill level 1 in Polearms
 20295 | D:14     | Reached skill level 15 in Shields
 20322 | D:14     | Found a glowing golden altar of the Shining One.
 20359 | D:14     | Reached XP level 14. HP: 127/127 MP: 15/15
 20857 | D:14     | Noticed Josephine
 20860 | D:14     | Reached skill level 5 in Polearms
 20867 | D:14     | Killed Josephine
 21223 | D:14     | Found a gate to the Vaults.
 21522 | D:14     | Noticed Agnes
 21534 | D:14     | Killed Agnes
 21749 | Lair:6   | Entered Level 6 of the Lair of Beasts
 22033 | Lair:6   | Got a pitted copper ring
 22930 | Lair:6   | Identified the Papyrus of Creation
 23235 | Orc:1    | Entered Level 1 of the Orcish Mines
 23375 | Orc:2    | Entered Level 2 of the Orcish Mines
 23394 | Orc:2    | Received a gift from Okawaru
 23413 | Orc:2    | Reached XP level 15. HP: 80/136 MP: 16/16
 23417 | Orc:2    | Got a jewelled chain mail {god gift}
 23430 | Orc:2    | Identified the +4 chain mail "Yqutyed" {rElec Str+6}
                  | (Okawaru gifted it to you on level 2 of the Orcish Mines)
 23740 | Orc:2    | Found Cygamn's Assorted Antiques.
 23763 | Orc:2    | Bought a scroll of identify for 66 gold pieces
 23763 | Orc:2    | Bought a scroll labeled IRAURAZ NEUSOI for 33 gold pieces
 23763 | Orc:2    | Bought a fuming inky potion for 29 gold pieces
 23763 | Orc:2    | Bought a dented lapis lazuli amulet for 165 gold pieces
 23767 | Orc:2    | Identified the ring "Icosk" {Ice MR+ MP+9} (You found it on
                  | level 6 of the Lair of Beasts)
 23952 | Orc:2    | Reached skill level 16 in Shields
 23980 | Orc:2    | Noticed Jorgrun
 23987 | Orc:2    | Killed Jorgrun
 24226 | Orc:2    | Found a staircase to the Elven Halls.
 24254 | Orc:2    | Found a radiant altar of Vehumet.
 24485 | Orc:2    | Noticed an orc warlord
 24535 | Orc:2    | Killed an orc warlord
 24543 | Orc:2    | Paralysed by an orc sorcerer for 6 turns
 25270 | Orc:2    | Found Hugick's Antique Armour Emporium.
 25270 | Orc:2    | Found Jiyx's General Store.
 25270 | Orc:2    | Found Huxkeihy's Antique Weapon Emporium.
 25270 | Orc:2    | Found Suoror's Book Shoppe.
 25631 | Orc:1    | Noticed Fannar
 25642 | Orc:1    | Killed Fannar
 26229 | D:15     | Entered Level 15 of the Dungeon
 26339 | D:15     | Received a gift from Okawaru
 26436 | D:15     | Found an opulent altar of Gozag.
 26971 | D:15     | Found a staircase to the Depths.
 28017 | D:8      | Killed SharpKris's ghost
 28486 | Lair:2   | Killed ImError's ghost
 28573 | Lair:4   | Reached skill level 17 in Shields
 28631 | Lair:4   | Killed VeryBadPlayer's ghost
 29037 | Spider:1 | Entered Level 1 of the Spider Nest
 29048 | Spider:1 | Received a gift from Okawaru
 29375 | Lair:4   | Reached XP level 16. HP: 130/147 MP: 17/17
 30944 | Spider:2 | Noticed Louise
 30965 | Spider:2 | Killed Louise
 31052 | Spider:2 | Reached skill level 15 in Armour
 31169 | Spider:2 | HP: 3/147 [torpor snail (12)]
 31180 | Spider:2 | HP: 5/147 [jumping spider (8)]
 31768 | Spider:2 | Reached skill level 18 in Shields
 32670 | Spider:2 | Reached skill level 15 in Fighting
 33257 | Spider:3 | Received a gift from Okawaru
 34716 | Spider:3 | Reached XP level 17. HP: 156/156 MP: 18/18
 34818 | Spider:3 | HP: 6/156 [soldier ant (6)]
 35829 | Spider:3 | Got a brightly glowing large shield
 35840 | Spider:3 | Identified the +13 large shield "Toxyupoc" {Stlth+} (You
                  | acquired it on level 3 of the Spider Nest)
 36226 | Shoals:1 | Entered Level 1 of the Shoals
 36262 | Shoals:1 | Slain by a faun

Skill      XL: |  1  2  3  4  5  6  7  8  9 10 11 12 13 14 15 16 |
---------------+-------------------------------------------------+-----
Shields        | 4 5 6 7 8 10 11 13 15 17 18 | 18.9
Fighting       | 4 5 7 8 9 10 12 13 14 15 | 15.6
Armour         | 4 5 6 8 9 11 12 13 14 15 | 15.7
Long Blades    | 3 4 6 7 9 11 12 14 15 16 17 | 17.5
Dodging        | 1 2 3 5 6 7 |  7.4
Stealth        | 1 2 3 |  3.5
Invocations    | 1 2 3 |  3.5
Polearms       | 3 9 |  9.9

Action                   |  1- 3 |  4- 6 |  7- 9 | 10-12 | 13-15 | 16-18 || total
-------------------------+-------+-------+-------+-------+-------+-------++-------
Melee: Long sword        |    93 |    68 |   266 |   738 |   403 |       ||  1568
       Headbutt          |    24 |    15 |    60 |   202 |   422 |   187 ||   910
       Trident           |       |       |       |       |   441 |       ||   441
       Double sword      |       |       |       |       |   375 |   652 ||  1027
       Eudemon blade     |       |       |       |       |    29 |       ||    29
       Scimitar          |       |       |       |       |     8 |       ||     8
Invok: Heroism           |       |       |     3 |    12 |    12 |     6 ||    33
       Finesse           |       |       |       |     3 |     1 |       ||     4
Evoke: Wand              |       |       |       |       |       |     3 ||     3
  Use: Potion            |       |       |     2 |     2 |     4 |     6 ||    14
       Scroll            |       |       |     5 |     5 |    16 |     8 ||    34
 Stab: Petrified         |       |       |       |       |     2 |       ||     2
  Eat: Chunk             |       |     4 |     9 |    21 |    38 |    18 ||    90
       Ration            |       |       |     1 |     2 |     4 |     2 ||     9
Armor: Scale mail        |    11 |       |       |       |       |       ||    11
       Fire dragon scale |     6 |    35 |   117 |   136 |       |       ||   294
       Plate armour      |       |       |       |   102 |   415 |   522 ||  1039
       Chain mail        |       |       |       |       |    94 |       ||    94
Dodge: Dodged            |    21 |    19 |    86 |   224 |   415 |   416 ||  1181
Block: Shield            |    34 |    21 |   126 |   425 |   841 |   386 ||  1833
       Buckler           |       |       |       |       |       |   159 ||   159
       Large shield      |       |       |       |       |       |   132 ||   132
       Rpst.: Long sword |    10 |     5 |    24 |    47 |    28 |       ||   114
       Double sword      |       |       |       |       |    18 |    84 ||   102
